 Dungeon Crawl Stone Soup version 0.22-a0-192-g6ffc940 (webtiles) character file.

478 4thArraOfDagon the Scratcher (level 6, 0/26 HPs)
             Began as a Felid Wanderer on Feb 16, 2018.
             Was a Follower of Okawaru.
             Slain by a bullfrog (7 damage)
             ... on level 7 of the Dungeon.
             The game lasted 00:10:08 (1139 turns).

4thArraOfDagon the Scratcher (Felid Wanderer)       Turns: 1139, Time: 00:10:09

Health: 0/26       AC:  2    Str:  9    XL:     6   Next: 85%
Magic:  6/8        EV: 23    Int: 17    God:    Okawaru [*.....]
Gold:   121        SH:  0    Dex: 13    Spells: 5/5 levels left
                                        Lives:  0   Deaths: 1

rFire    . . .     SeeInvis +     - Unarmed
rCold    . . .     Gourm    .   (shield unavailable)
rNeg     . . .     Faith    .   (armour unavailable)
rPois    .         Spirit   .   (helmet unavailable)
rElec    .         Reflect  .   (cloak unavailable)
rCorr    .         Harm     .   (gloves unavailable)
MR       .....                  (boots unavailable)
Stlth    +++++.....             (no amulet)
HPRegen  0.08/turn              (no ring)
MPRegen  0.11/turn              (no ring)

@: heroism, quick
A: very small, no armour, no weapons or thrown items, stealth, claws 1, fangs 3,
see invisible, carnivore, speed 1, shaggy fur 2, slow metabolism 1, sharp paws
a: Heroism, Renounce Religion


You were on level 7 of the Dungeon.
You worshipped Okawaru.
Okawaru was aware of your devotion.
You were not hungry.

You visited 1 branch of the dungeon, and saw 7 of its levels.

You collected 121 gold pieces.

Inventory:

Wands
 h - a wand of acid (1)
Scrolls
 c - a scroll of identify
 g - a scroll of fog {unknown}
 i - a scroll of enchant weapon {unknown}
Potions
 a - a potion of agility {unknown}
 b - a potion of brilliance {unknown}
 e - a potion of degeneration
 f - a potion of cancellation
Comestibles
 d - 5 rations
 j - 2 chunks of flesh


   Skills:
 - Level 2.0(7.0) Fighting
 + Level 4.6(9.6) Dodging
 + Level 5.9(10.9) Stealth
 * Level 6.6(11.6) Unarmed Combat
 + Level 2.1 Invocations
 - Level 1.1 Evocations


You had 5 spell levels left.
You didn't know any spells.

Dungeon Overview and Level Annotations

Branches:
Dungeon (7/15)
 Temple: D:4-7

Altars:
Fedhas
Makhleb
Okawaru
Trog

Shops:
D:4 (

Annotations:
D:5 Dowan, Sigmund


Innate Abilities, Weirdness & Mutations

You cannot wear armour.
You are incapable of wielding weapons or throwing items.
Your paws allow you to move quietly. (Stealth)
You have sharp claws.
You have razor-sharp teeth.
You have supernaturally acute eyesight. (SInv)
You are carnivorous and can eat meat at any time.
You cover ground quickly.
You are covered in thick fur. (AC +2)
You have a slow metabolism.
Your sharp claws are effective at attacking unaware monsters.


Message History

You butcher the bullfrog corpse.
You see here 2 chunks of flesh.
j - 2 chunks of flesh The iguana hisses angrily.
The leopard gecko hisses angrily.
Found 5 gold pieces.
Unknown command.
You feel yourself slow down.
Found 15 gold pieces and a scroll of identify.
There is a stone staircase leading down here.
You climb downwards.
A bullfrog comes into view.
Found a scroll of identify.
There is a stone staircase leading up here.
You gain the combat prowess of a mighty hero.
The bullfrog misses you.
Unknown command.
You claw the bullfrog!
The bullfrog is severely wounded.
The bullfrog hits you!
You die...

#########
#<......#
#.#####.#
#@# #F#
..? ##...
#..##
#... #...
##..#


You could see a bullfrog.

Vanquished Creatures
  An ogre (D:5)
  An ice beast (D:5)
  A centaur (D:6)
  A bullfrog (D:6)
  A scorpion (D:4)
  An orc wizard (D:5)
  A hound (D:6)
  Ijyb (D:5)
  A worker ant (D:2)
  A killer bee zombie (D:5)
  2 adders
  A shadow imp (D:5)
  A worm (D:2)
  2 leopard geckos
  4 orcs (D:4)
  2 bats
  A giant cockroach (D:6)
  2 goblins
  2 hobgoblins (D:2)
  4 jackals (D:4)
  2 quokkas
  A ball python (D:2)
  2 frilled lizards
  5 kobolds
  4 rats
45 creatures vanquished.

Notes
Turn   | Place    | Note
-------+----------+-------------------------------------------
     0 | D:1      | 4thArraOfDagon the Felid Wanderer began the quest for the Orb.
     0 | D:1      | 4thArraOfDagon set off with: a potion of haste, a potion of curing, a potion of lignification, a ration
     0 | D:1      | Reached XP level 1. HP: 9/9 MP: 2/2
    71 | D:2      | Noticed a worker ant
    77 | D:2      | Reached skill level 1 in Dodging
    77 | D:2      | Reached XP level 2. HP: 7/13 MP: 3/3
    83 | D:2      | Reached XP level 3. HP: 7/16 MP: 4/4
   329 | D:2      | Found a bloodstained altar of Trog.
   465 | D:2      | Reached skill level 5 in Unarmed Combat
   700 | D:4      | Reached XP level 4. HP: 15/19 MP: 5/5
   737 | D:4      | wojtek: szczury za mocne?
   774 | D:4      | wojtek: czy sewer spowalnia speedrun?
   796 | D:4      | 4thArraOfDagon: ta, niestety
   798 | D:4      | 4thArraOfDagon: lagi sa, u Ciebie tez?
   799 | D:4      | wojtek: nie mogę grać, wypadł mi klawisz 'u' za klawiatury ;-)
   852 | D:4      | Found Conale Aroo's Weapon Shoppe.
   854 | D:5      | Entered Level 5 of the Dungeon
   854 | D:5      | Noticed a centaur
   854 | D:5      | Noticed an ogre
   856 | D:4      | 4thArraOfDagon: jak to wypadl
   856 | D:4      | 4thArraOfDagon: xd
   967 | D:5      | Found an iron altar of Okawaru.
   969 | D:5      | Noticed Sigmund
   976 | D:5      | Reached XP level 5. HP: 16/22 MP: 6/6
   997 | D:5      | Became a worshipper of Warmaster Okawaru
   998 | D:5      | Noticed a sky beast
  1002 | D:5      | HP: 1/22 [poisoned by Sigmund]
  1003 | D:5      | Succumbed to Sigmund's poison
  1004 | D:5      | Reached XP level 4. HP: 0/19 MP: 5/5
  1004 | D:5      | Found a burning altar of Makhleb.
  1009 | D:5      | Noticed an ice beast
  1014 | D:5      | Found a burning altar of Makhleb.
  1024 | D:5      | Found a blossoming altar of Fedhas.
  1034 | D:5      | Noticed Ijyb
  1036 | D:5      | Killed Ijyb
  1041 | D:5      | Noticed Dowan
  1052 | D:5      | Killed an ogre
  1052 | D:5      | Reached skill level 5 in Stealth
  1052 | D:5      | Reached skill level 6 in Unarmed Combat
  1052 | D:5      | Reached skill level 1 in Invocations
  1052 | D:5      | Reached XP level 5. HP: 16/22 MP: 6/6
  1055 | D:5      | Killed an ice beast
  1055 | D:5      | Gained mutation: You are covered in thick fur. (AC +2) [Felid growth]
  1055 | D:5      | Reached XP level 6. HP: 16/26 MP: 6/8
  1071 | D:6      | Reached * piety under Okawaru
  1118 | D:6      | wojtek: popsuł się, czekam aż mi wymienią
  1139 | D:7      | Slain by a bullfrog

Vault maps used:
D:1:      lightli_arrival_lavapool, minmay_heptomino_w4
D:2:      lemuel_coloured_pillars_altar, nicolae_overflow_hidden_temple,
          chequers_ecumenical_altar_twisty, first_ration, grunt_ministairs_15,
          hex_large
D:4:      eat_drink_and_be_merry_uskayaw, serial_shops, shop,
          portal_sewer_entry_b
D:5:      kennysheep_mini, lemuel_round_altar, okawaru_gym_becter,
          bloody_makhleb, uniq_ijyb, uniq_sigmund, uniq_duvessa
D:6:      grunt_gozag_breadcrumbs, kennysheep_mini_moat,
          nicolae_overflow_crystal_walls, minivault_25, kennysheep_small_circle
D:7:      minmay_temple_entry_mist, serial_shops, shop_fountains, uniq_menkaure

Skill      XL: |  1  2  3  4  5  6 |
---------------+-------------------+-----
Dodging        | 1 2 3 4 |  4.6
Unarmed Combat | 5 6 |  6.6
Stealth        | 5 |  5.9
Invocations    | 1 2 |  2.1
Fighting       | |  2.0
Evocations     | |  1.1

Action                   |  1- 3 |  4- 6 || total
-------------------------+-------+-------++-------
Melee: Unarmed           |    83 |    29 ||   112
       Punch             |     2 |       ||     2
       Bite              |     1 |     3 ||     4
Invok: Heroism           |       |     2 ||     2
Evoke: Wand              |       |     9 ||     9
  Use: Potion            |     1 |     7 ||     8
       Scroll            |       |     2 ||     2
 Stab: Sleeping          |     4 |     5 ||     9
  Eat: Chunk             |     5 |       ||     5
Armor: Skin              |    34 |     1 ||    35
Dodge: Dodged            |    51 |    44 ||    95

Table legend:
 A = Spawn XP
 B = Non-spawn XP
 C = Spawn XP percentage of total XP
 D = Spawn monster count
 E = Non-spawn monster count
 F = Spawn count percentage of total count
 G = Total turns spent on level
                    A         B        C        D         E        F      G
               +---------+---------+-------+---------+---------+-------+---------
         Total |       0 |     795 |   0.0 |       0 |      45 |   0.0 |  1139
               +---------+---------+-------+---------+---------+-------+---------
           D:1 |       0 |       5 |   0.0 |       0 |       4 |   0.0 |    69
           D:2 |       0 |      74 |   0.0 |       0 |      17 |   0.0 |   429
           D:3 |       0 |       2 |   0.0 |       0 |       1 |   0.0 |    57
           D:4 |       0 |     100 |   0.0 |       0 |      12 |   0.0 |   338
           D:5 |       0 |     374 |   0.0 |       0 |       7 |   0.0 |   169
           D:6 |       0 |     240 |   0.0 |       0 |       4 |   0.0 |    73
               +---------+---------+-------+---------+---------+-------+---------
